 Dungeon Crawl Stone Soup version 0.29.1-1-gd02db6906a (webtiles) character file.

Game seed: 15602892913799395850

229 RogueRain17 the Ruffian (level 5, -1/38 HPs)
             Began as a Demonspawn Gladiator on Sept 20, 2022.
             Slain by a kobold
             ... wielding a +0 whip
              (2 damage)
             ... on level 4 of the Dungeon.
             The game lasted 00:04:51 (4210 turns).

RogueRain17 the Ruffian (Demonspawn Gladiator)      Turns: 4210, Time: 00:04:52

Health: -1/38      AC:  4    Str: 15 (16) XL:     5   Next: 71%
Magic:  5/5        EV: 12    Int:  7 (10) God:
Gold:   97         SH:  0    Dex: 11 (14) Spells: 4/4 levels left

rFire   . . .      SeeInvis .     - Unarmed
rCold   . . .      Faith    .   (no shield)
rNeg    . . .      Spirit   .   a - +0 leather armour
rPois   .          Reflect  .   b - +0 helmet
rElec   .          Harm     .   (no cloak)
rCorr   .          Rampage  .   (no gloves)
Will    .....                   (no boots)
Stlth   +.........              (no amulet)
HPRegen 0.12/turn               (no ring)
MPRegen 0.09/turn               (no ring)

@: confused, on berserk cooldown, slowed, very slow
A: large bone plates 1, ignite blood 2, powered by pain 1
a: no special abilities


You were on level 4 of the Dungeon.
You visited 1 branch of the dungeon, and saw 4 of its levels.

You collected 97 gold pieces.

Inventory:

Missiles
 c - 5 throwing nets (quivered)
 d - a javelin
Armour
 a - a +0 leather armour (worn)
 b - a +0 helmet (worn)
Jewellery
 e - a ring of wizardry
 k - an amulet of guardian spirit
Scrolls
 f - a scroll of acquirement {unknown}
 i - a scroll of fear {unknown}
 j - 5 scrolls of identify {unknown}
 l - a scroll of silence {unknown}
 n - a scroll of vulnerability {unknown}
 s - a scroll of enchant armour {unknown}
 t - a scroll of magic mapping {unknown}
 u - a scroll of poison {unknown}
Potions
 g - a potion of magic
 o - 3 potions of resistance {unknown}
 p - a potion of attraction {unknown}
 q - 2 potions of brilliance {unknown}
 r - a potion of flight {unknown}


   Skills:
 - Level 2.0 Fighting
 - Level 1.7 Throwing
 + Level 4.0 Dodging
 * Level 5.1 Unarmed Combat


You had 4 spell levels left.
You didn't know any spells.
Your spell library contained the following spells:

 Spells                   Type           Power      Damage    Failure   Level
 Summon Guardian Golem    Hex/Summ       0%         N/A       86%         3
 Fulminant Prism          Conj/Hex       0%         3d6       99%         4
 Iskenderun's Mystic Bla  Conj/Tloc      0%         2d3       99%         4
 Lee's Rapid Deconstruct  Erth           0%         3d5*      100%        5
 Orb of Destruction       Conj           0%         9d5       100%        7
 Spellforged Servitor     Conj/Summ      0%         N/A       100%        7


Dungeon Overview and Level Annotations

Branches:
Dungeon (4/15)
 Temple: D:4-7

Altars:
Ashenzari


Innate Abilities, Weirdness & Mutations

You are partially covered in large bone plates. (SH +4)
Your demonic aura often causes spilled blood to erupt in flames.
You sometimes gain a little power by taking damage.


Message History

You hit something but do no damage.
You hear some strange, mumbled words.
You are confused.
You hear some strange, mumbled words.
You are more confused.
It was a potion of magic.
Magic courses through your body.
Your magic is already full.
It was a potion of degeneration.
There was something very wrong with that liquid.
You feel weakened.
You feel dopey.
You feel clumsy. Something hits you.
It was a potion of berserk rage.
A red film seems to cover your vision as you go berserk!
You feel yourself moving faster!
You feel mighty! Something hits you. The kobold hits you but does no damage.
You feel a strong urge to attack something.
A magic dart appears from out of thin air!
The magic dart hits you!
* * * LOW HITPOINT WARNING * * *
You feel your anger nearly subside.
You are no longer berserk.
You are exhausted.
You feel yourself slow down. The kobold closely misses you.
The kobold throws a poisoned dart.
The poisoned dart completely misses you.
Something hits you.
* * * LOW HITPOINT WARNING * * *
The kobold throws a poisoned dart.
The poisoned dart barely misses you.
You closely miss something.
You hear some strange, mumbled words.
A magic dart appears from out of thin air!
The magic dart hits you.
* * * LOW HITPOINT WARNING * * *
The kobold throws a poisoned dart.
The poisoned dart closely misses you.
You barely miss something. Something hits you but does no damage.
You're too confused to move!
Something hits you.
* * * LOW HITPOINT WARNING * * *
The kobold barely misses you. Something hits you but does no damage.
The kobold hits you with a +0 whip.
You die...

.# #.# ..$ .#
#†##########K#
.####'#.....##...#
............##)#####
...................#
........#.#..#.....#
.............+.....#
#......##.#.##.{K..#
...##'###.#.##..@..#
##.##.# #.#.##.....#
...... ....#####+##
..###


You could see a kobold.

Vanquished Creatures
  A jelly (D:4)
  Natasha (thrice) (D:3)
  2 gnolls
  4 adders
  An ufetubus (D:4)
  2 worms
  A dart slug (D:2)
  An orc (D:4)
  6 ball pythons
  5 endoplasms
  2 giant cockroaches (D:2)
  6 goblins
  3 hobgoblins (D:1)
  4 jackals (D:1)
  2 quokkas (D:3)
  3 bats
  2 frilled lizards (D:3)
  6 kobolds
  3 rats
57 creatures vanquished.

Notes
Turn   | Place    | Note
-------+----------+-------------------------------------------
     0 | D:1      | RogueRain17 the Demonspawn Gladiator began the quest for
                  | the Orb.
     0 | D:1      | Reached XP level 1. HP: 16/16 MP: 1/1
   370 | D:1      | Reached skill level 3 in Unarmed Combat
   415 | D:1      | Gained mutation: Your demonic aura sometimes causes spilled
                  | blood to erupt in flames. [demonic ancestry]
   415 | D:1      | Reached XP level 2. HP: 18/22 MP: 2/2
   830 | D:1      | Gained mutation: Your demonic aura often causes spilled
                  | blood to erupt in flames. [demonic ancestry]
   830 | D:1      | Reached XP level 3. HP: 22/27 MP: 3/3
  2499 | D:3      | Found a broken altar of Ashenzari.
  2525 | D:3      | Reached skill level 4 in Unarmed Combat
  2525 | D:3      | Gained mutation: You are partially covered in large bone
                  | plates. (SH +4) [demonic ancestry]
  2525 | D:3      | Reached XP level 4. HP: 27/33 MP: 4/4
  2600 | D:3      | Found a faded altar of an unknown god.
  2629 | D:3      | Noticed Natasha
  2653 | D:3      | Killed Natasha
  3015 | D:3      | Noticed Natasha
  3019 | D:3      | Killed Natasha
  3193 | D:3      | Gained mutation: You sometimes gain a little power by
                  | taking damage. [demonic ancestry]
  3193 | D:3      | Reached XP level 5. HP: 36/38 MP: 5/5
  3338 | D:3      | Noticed Natasha
  3355 | D:3      | Killed Natasha
  3748 | D:3      | Found Cedgheemat's Weapon Shop.
  3934 | D:4      | Reached skill level 5 in Unarmed Combat
  4210 | D:4      | HP: 1/38 [something (2)]
  4210 | D:4      | Slain by a kobold

Illustrated notes

Levels and vault maps discovered:
D:1:      dpeg_arrival_water_temple_mockup, layout_basic
D:2:      layout_basic, chequers_garden, chequers_avenue,
          minmay_misc_feat_plants, roderic_roman_lattice, roderic_lattice_a,
          chequers_serial_rivers_small_a, kennysheep_generic_room_5
D:3:      layout_basic, ashenzari_conservatory_becter,
          chequers_ecumenical_altar_grove, serial_shops,
          nicolae_shop_behind_doors, kennysheep_donut, minmay_statues_item,
          uniq_natasha
D:4:      layout_basic, tso_metal_star, chequers_serial_rivers_small_3,
          chequers_serial_rivers_room_a, uniq_robin

Skill      XL: |  1  2  3  4  5 |
---------------+----------------+-----
Unarmed Combat | 3 4 5 |  5.1
Dodging        | 3 4 |  4.0
Fighting       | |  2.0
Throwing       | |  1.7

Action                   |  1- 3 |  4- 6 || total
-------------------------+-------+-------++-------
Melee: Unarmed           |   126 |   126 ||   252
       Punch             |     2 |     2 ||     4
  Use: Potion            |     2 |     3 ||     5
 Stab: Sleeping          |     1 |       ||     1
Armor: Leather armour    |    20 |    20 ||    40
Dodge: Dodged            |    79 |    57 ||   136
Block: Other             |       |    16 ||    16
